 Dungeon Crawl Stone Soup version 0.31-a0-263-ge8cad7f256 (webtiles) character file.

Game seed: 704716856495313342

303 qw the Shooter (level 6, -4/51 HPs)
             Began as a Minotaur Hexslinger on July 13, 2023.
             Slain by an ice beast (6 damage)
             ... on level 3 of the Dungeon.
             The game lasted 00:00:52 (2256 turns).

qw the Shooter (Minotaur Hexslinger)                Turns: 2256, Time: 00:00:52

Health: -4/51      AC:  6    Str: 13    XL:     6   Next: 15%
Magic:  6/6        EV: 11    Int: 10    God:
Gold:   149        SH:  0    Dex: 14    Spells: 6/7 levels left

rFire   . . .        Y - +3 sling (flame)
rCold   . . .        (no shield)
rNeg    . . .        e - +0 ring mail
rPois   .            (helmet restricted)
rElec   .            (no cloak)
rCorr   .            (no gloves)
SInv    .            i - +0 pair of boots
Will    .....        (no amulet)
Stlth   +            (no ring)
HPRegen 0.28/turn    (no ring)
MPRegen 0.10/turn

%: no passive effects
@: no status effects
A: horns 2, retaliatory headbutt
a: no special abilities


You were on level 3 of the Dungeon.
You visited 1 branch of the dungeon, and saw 3 of its levels.

You collected 149 gold pieces.


Innate Abilities, Weirdness & Mutations

You have a pair of horns on your head.
You reflexively headbutt those who attack you in melee.


   Skills:
 + Level 3.1 Fighting
 - Level 6.5 Ranged Weapons
 - Level 1.0 Armour
 - Level 2.1 Dodging
 - Level 1.0 Spellcasting
 - Level 2.0 Hexes


You had 6 spell levels left.
You knew the following spells:

 Your Spells              Type           Power      Damage    Failure   Level
a - Slow                  Hex            16%        N/A       32%         1

Your spell library contained the following spells:

 Spells                   Type           Power      Damage    Failure   Level
 Inner Flame              Hex/Fire       2%         N/A       82%         3
 Portal Projectile        Hex/Tloc       4%         N/A       82%         3
 Cause Fear               Hex            2%         N/A       97%         4

Inventory:

Hand Weapons
 Y - a +3 sling of flaming (weapon)
Armour
 e - a +0 ring mail (worn)
 i - a +0 pair of boots (worn)
Jewellery
 g - an amulet of regeneration
Scrolls
 a - a scroll of blinking {unknown}
 c - 2 scrolls of identify
 d - a scroll of fear {unknown}
Potions
 b - a potion of degeneration {unknown}
 f - a potion of attraction {unknown}
 h - a potion of lignification {unknown}

Dungeon Overview and Level Annotations

Branches:
Dungeon (3/15)

Altars:


Message History

The sling bullet barely misses the adder.
The adder closely misses you. The adder bites you but does no damage.
You shoot a sling bullet.
The sling bullet closely misses the adder.
The adder closely misses you.
You shoot a sling bullet. The sling bullet hits the adder.
The sling bullet burns the adder.
You kill the adder!
An ice beast comes into view.
Enter note:
Enter note:
Enter note:
Enter note:
Enter note:
Enter note:
Enter note:
Enter note: You shoot a sling bullet.
The sling bullet closely misses the ice beast.
You shoot a sling bullet.
The sling bullet closely misses the ice beast.
You shoot a sling bullet.
The sling bullet barely misses the ice beast.
The ice beast hits you. The ice beast freezes you!
You shoot a sling bullet. The sling bullet hits the ice beast.
The sling bullet melts the ice beast.
The ice beast is lightly wounded.
The ice beast hits you. The ice beast freezes you!
You shoot a sling bullet.
The sling bullet closely misses the ice beast.
The ice beast hits you. The ice beast freezes you.
You shoot a sling bullet. The sling bullet hits the ice beast.
The sling bullet melts the ice beast.
The ice beast is moderately wounded.
The ice beast hits you. The ice beast freezes you!
You shoot a sling bullet.
The sling bullet hits the ice beast but does no damage.
The ice beast is moderately wounded.
The ice beast hits you. The ice beast freezes you.
You die...

#.###.# #.# #.....# #.#
####..# #..# #..# #..# ##
#..# .. #..#.#####
#.@Y......
##.####.##......
#.......#################
#........................
...#######################
.


You could see an ice beast.

Vanquished Creatures
  Sigmund (D:2)
  An orc priest (D:3)
  4 adders
  3 dart slugs
  4 orcs (D:3)
  5 endoplasms
  3 giant cockroaches
  7 goblins
  5 hobgoblins
  8 jackals
  2 quokkas
  4 ball pythons
  5 bats
  2 frilled lizards
  9 kobolds
63 creatures vanquished.

Notes
Turn   | Place    | Note
-------+----------+-------------------------------------------
     0 | D:1      | qw the Minotaur Hexslinger began the quest for the Orb.
     0 | D:1      | Reached XP level 1. HP: 16/16 MP: 1/1
     0 | D:1      | 0 ||| qw: Version: 0.3-a-52-g30416fa
     0 | D:1      | 0 ||| qw: Game counter: 7161
     0 | D:1      | 0 ||| qw: Melee chars always use a shield: true
     0 | D:1      | 0 ||| qw: God list: Okawaru
     0 | D:1      | 0 ||| qw: Allow faded altars: false
     0 | D:1      | 0 ||| qw: Do Orc after clearing Dungeon:15 true
     0 | D:1      | 0 ||| qw: Do second Lair branch before Depths: true
     0 | D:1      | 0 ||| qw: Lair rune preference: random
     0 | D:1      | 0 ||| qw: Goals: Normal
     0 | D:1      | 0 ||| PLANNING D:1-11
   138 | D:1      | Reached skill level 3 in Ranged Weapons
   170 | D:1      | Reached XP level 2. HP: 23/23 MP: 2/2
   259 | D:1      | 259 ||| FLEEEEING.
   260 | D:1      | 260 ||| FLEEEEING.
   261 | D:1      | 261 ||| FLEEEEING.
   264 | D:1      | 264 ||| FLEEEEING.
   265 | D:1      | 265 ||| FLEEEEING.
   695 | D:1      | 695 ||| UPGRADING to +0 leather armour.
   705 | D:1      | 705 ||| DROPPING +0 robe.
   706 | D:1      | 706 ||| UPGRADING to +0 pair of boots.
   711 | D:1      | 711 ||| READING scroll labelled CAMUCWAMIG.
   715 | D:1      | 715 ||| READING scroll labelled LIG ITWYTEGYE.
   716 | D:1      | 716 ||| READING scroll labelled YCUOLO XIRR.
   717 | D:1      | 717 ||| READING scroll labelled LENIUGGUIRU.
   718 | D:1      | 718 ||| DRINKING 2 clear potions.
   719 | D:1      | 719 ||| DROPPING scroll of poison.
   844 | D:2      | Reached XP level 3. HP: 13/29 MP: 3/3
   850 | D:2      | HP: 6/29 [goblin/+0 dagger (3)]
   850 | D:2      | HP: 2/29 [kobold/+2 vampiric dagger (4)]
   966 | D:2      | 966 ||| SWAPPING to +3 sling.
   967 | D:2      | 967 ||| DROPPING +1 sling.
   997 | D:2      | Reached skill level 4 in Ranged Weapons
  1027 | D:2      | 1027 ||| Stepping ~*~*~tactically~*~*~ (water).
  1221 | D:2      | Noticed Sigmund
  1229 | D:2      | Reached XP level 4. HP: 27/36 MP: 4/4
  1234 | D:2      | 1234 ||| DRINKING potion of curing.
  1234 | D:2      | 1234 ||| (to cure confusion)
  1240 | D:2      | Killed Sigmund
  1241 | D:2      | Reached skill level 6 in Ranged Weapons
  1241 | D:2      | Reached XP level 5. HP: 37/41 MP: 5/5
  1733 | D:2      | 1733 ||| UPGRADING to +0 ring mail.
  1743 | D:2      | 1743 ||| DROPPING +0 leather armour.
  1744 | D:2      | 1744 ||| READING 2 scrolls labelled OMOETE LOWAJAE.
  1745 | D:2      | 1745 ||| READING scroll labelled ALUTSYHONN.
  1910 | D:3      | Reached skill level 1 in Armour
  2165 | D:3      | Reached XP level 6. HP: 50/50 MP: 6/6
  2183 | D:3      | Reached skill level 3 in Fighting
  2249 | D:3      | Noticed an ice beast
  2255 | D:3      | HP: 4/51 [ice beast (11)]
  2256 | D:3      | Slain by an ice beast

Levels and vault maps discovered:
D:1:      minmay_arrival_diagonal_passages, layout_basic,
          minmay_misc_feat_secret_circle
D:2:      layout_basic, serial_rivers, chequers_serial_rivers_micro_a,
          chequers_serial_rivers_small_b, chequers_serial_rivers_marsh,
          chequers_serial_rivers_small_3, chequers_serial_rivers_large_b,
          uniq_sigmund
D:3:      layout_basic, hellmonk_ecumenical_altar_pennies_from_heaven

Skill      XL: |  1  2  3  4  5  6 |
---------------+-------------------+-----
Ranged Weapons | 3 4 6 |  6.5
Fighting       | 2 3 |  3.1
Armour         | 1 |  1.0
Dodging        | |  2.1
Spellcasting   | |  1.0
Hexes          | |  2.0

Action                     |  1- 3 |  4- 6 || total
---------------------------+-------+-------++-------
   Fire: Sling             |   117 |    87 ||   204
    Use: Scroll            |     4 |     2 ||     6
         Potion            |     1 |     1 ||     2
 Armour: Robe              |    12 |       ||    12
         Leather armour    |     8 |       ||     8
         Ring mail         |       |     7 ||     7
  Dodge: Dodged            |    43 |    18 ||    61

Table legend:
 A = Non-vault XP
 B = Vault XP
 C = Vault XP percentage of total XP
 D = Non-vault monster count
 E = Vault monster count
 F = Vault count percentage of total count
                 A         B        C        D         E       F
            +---------+---------+-------+---------+---------+-------
      Total |     203 |     231 |  53.2 |      62 |       1 |   1.6
            +---------+---------+-------+---------+---------+-------
        D:1 |      35 |       0 |   0.0 |      20 |       0 |   0.0
        D:2 |      68 |     231 |  77.3 |      19 |       1 |   5.0
        D:3 |     100 |       0 |   0.0 |      23 |       0 |   0.0
            +---------+---------+-------+---------+---------+-------
